 Dungeon Crawl Stone Soup version 0.18-a0-19-g8b99b3a (webtiles) character file.

20 4thArraOfDagon the Chopper (level 2, 0/18 HPs)
             Began as a Gargoyle Gladiator on Nov 1, 2015.
             Slain by a bat (1 damage)
             ... on level 2 of the Dungeon.
             The game lasted 00:01:33 (298 turns).

4thArraOfDagon the Chopper (Gargoyle Gladiator)      Turns: 298, Time: 00:01:33

Health: 0/18       AC:  6    Str: 18    XL:     2   Next: 79%
Magic:  2/2        EV:  7    Int:  8    God:
Gold:   17         SH: 13    Dex: 10    Spells: 0 memorised, 1 level left

rFire  . . .     SeeInvis .     a - +0 war axe
rCold  . . .     Clarity  .     b - +0 leather armour
rNeg   + . .     SustAt   .     g - +2 large shield
rPois  ∞         Gourm    .     c - +0 helmet
rElec  +         Spirit   .     (no cloak)
rCorr  .         Warding  .     (no gloves)
rMut   .         Stasis   .     (no boots)
MR     .....                    (no amulet)
Stlth  +.........               (no ring)
                                (no ring)

@: not resistant to hostile enchantments, very unstealthy
A: negative energy resistance 1, electricity resistance, unbreathing,
petrification resistance, rot immunity, AC +2
a: no special abilities


You were on level 2 of the Dungeon.
You were not hungry.

You visited 1 branch of the dungeon, and saw 3 of its levels.

You collected 17 gold pieces.

Inventory:

Hand Weapons
 a - a +0 war axe (weapon)
Missiles
 d - 3 throwing nets (quivered)
Armour
 b - a +0 leather armour (worn)
 c - a +0 helmet (worn)
 g - a +2 large shield (worn)
Scrolls
 f - 3 scrolls of enchant armour {unknown}
 i - a scroll of teleportation {unknown}
 j - 2 scrolls of identify {unknown}
Comestibles
 e - a bread ration
 h - a beef jerky


   Skills:
 + Level 2.6 Fighting
 * Level 3.2 Axes
 - Level 1.7 Throwing
 + Level 2.5 Dodging


You had one spell level left.
You didn't know any spells.

Dungeon Overview and Level Annotations

Branches:
Dungeon (3/15)

Altars:
The Shining One

Annotations:
D:2 Sigmund


Innate Abilities, Weirdness & Mutations

You are resistant to torment.
Your stone body is resilient (AC +2).
You are immune to poison.
You resist negative energy.
You are resistant to electric shocks.
You can survive without breathing.
You are immune to petrification.
You are immune to rotting.


Message History

You block the bat's attack. The goblin hits you but does no damage.
Found a stone staircase leading up.
Unknown command.
Unknown command.
A giant cockroach comes into view.
The bat hits you.
* * * LOW HITPOINT WARNING * * *
You block the bat's attack. x2
The bat barely misses you.
Unknown command.
You block the bat's attack. The bat closely misses you.
Unknown command.
You slash the bat!
You kill the bat!
You block the bat's attack.
You aren't carrying any potions.
You hit the goblin.
You kill the goblin!
You block the bat's attack. The bat hits you.
You die...

.# .. #...# #.#
.#.#.#.# #...# #.#
...#.#.#.#...###
#.#
####.#<.[......# #
#.#
...!........>#.#.#
#.#
..........##.#.#.#
#.#
.........<.......#
#.#
........####.#.###
#.####### ......
s.......b@#
#.#.....# ####.#
.#.#...####
#.#.###.# # # #
##... #.#.#.#.#
####.# #...
#.#...#.# .....#.
..... #.###.#.#
........ ###....#
#.......# .$......
#......# #####.###
........###.$....#
#.#
..........#.....(#
#.#


You could see a bat.

Vanquished Creatures
  An adder (D:2)
  A giant cockroach (D:1)
  A hobgoblin (D:1)
  A quokka (D:2)
  2 bats (D:2)
  2 goblins
  4 rats (D:2)
12 creatures vanquished.

Notes
Turn   | Place    | Note
--------------------------------------------------------------
     0 | D:1      | 4thArraOfDagon the Gargoyle Gladiator began the quest for the Orb.
     0 | D:1      | Reached XP level 1. HP: 12/12 MP: 1/1
   148 | D:2      | Reached skill level 3 in Axes
   148 | D:2      | Reached XP level 2. HP: 6/18 MP: 2/2
   172 | D:2      | Noticed Sigmund
   279 | D:2      | Found a glowing golden altar of the Shining One.
   298 | D:2      | Slain by a bat

Vault maps used:
D:1:      lightli_arrival_noodles, serial_bayou, serial_bayou_lagoon_a,
          serial_bayou_shore_a, serial_bayou_ford_a, serial_bayou_pond_d,
          serial_bayou_pond_a, minivault_23
D:2:      nicolae_overflow_hidden_temple, nicolae_ashenzari_panopticon,
          uniq_jessica, uniq_sigmund
D:3:      okawaru_altar_gauntlet_db, ecumenical_altar_2

Action                   || total
-------------------------++-------
Melee: War axe           ||    30
